 Dungeon Crawl Stone Soup version 0.26.1-2-gb8aa6d0cf2 (webtiles) character file.

Game seed: 11022576375892682279

1837 Eitelfritz the Covered (level 9, -2/75 HPs)
             Began as a Hill Orc Fighter on Mar 19, 2021.
             Slain by Maggie
             ... wielding a +2 glaive of flaming
              (3 damage)
             ... on level 6 of the Dungeon.
             The game lasted 00:13:34 (6238 turns).

Eitelfritz the Covered (Hill Orc Fighter)           Turns: 6238, Time: 00:13:34

Health: -2/75      AC: 12    Str: 22    XL:     9   Next: 11%
Magic:  9/9        EV:  9    Int:  8    God:
Gold:   448        SH: 10    Dex: 10    Spells: 8/8 levels left

rFire    . . .     SeeInvis .   a - +0 long sword (freeze)
rCold    + . .     Faith    .   c - +0 kite shield
rNeg     . . .     Spirit   .   b - +0 scale mail
rPois    .         Reflect  .   r - +0 helmet
rElec    .         Harm     .   q - +1 cloak
rCorr    .         Rampage  .   (no gloves)
Will     .....                  o - +0 pair of boots
Stlth    ..........             (no amulet)
HPRegen  0.22/turn              m - ring of flight
MPRegen  0.11/turn              w - ring of protection from cold

@: mesmerised
A: no striking features
a: Evoke Flight


You were on level 6 of the Dungeon.
You visited 1 branch of the dungeon, and saw 6 of its levels.

You collected 448 gold pieces.

Inventory:

Hand Weapons
 a - a +0 long sword of freezing (weapon)
 p - a +0 flail
 t - a +3 flail of holy wrath
Missiles
 i - 8 boomerangs (quivered)
Armour
 b - a +0 scale mail (worn)
 c - a +0 kite shield (worn)
 l - a +0 plate armour
 o - a +0 pair of boots (worn)
 q - a +1 cloak (worn)
 r - a +0 helmet (worn)
 v - a +0 chain mail
Jewellery
 d - an uncursed ring of magical power
 m - a ring of flight (left hand)
 w - a ring of protection from cold (right hand)
 y - an uncursed amulet of magic regeneration {unknown}
Wands
 s - a wand of random effects (37)
Scrolls
 e - 5 scrolls of teleportation
 g - a scroll of remove curse
 k - 2 scrolls of fear
 u - a scroll of random uselessness {unknown}
Potions
 f - 4 potions of curing
 h - a potion of lignification
 j - 3 potions of heal wounds
 n - a potion of magic
 x - a potion of cancellation
 z - a potion of flight


   Skills:
 + Level 5.9 Fighting
 + Level 6.6 Long Blades
 + Level 7.0 Armour
 + Level 3.2 Dodging
 + Level 0.2 Stealth
 + Level 6.3 Shields
 * Level 2.8 Evocations


You had 8 spell levels left.
You didn't know any spells.
Your spell library was empty.

Dungeon Overview and Level Annotations

Branches:
Dungeon (6/15)
 Temple: D:4-7

Altars:
Ashenzari
Dithmenos
Elyvilon
Fedhas
Gozag
Qazlal
Sif Muna
Uskayaw
Vehumet

Shops:
D:5 (

Annotations:
D:6 Maggie


Message History

You closely miss Maggie.
Maggie is almost dead.
Maggie barely misses you.
You closely miss Maggie.
Maggie is almost dead.
Maggie says, "Leave now, and tell all of Margery's mercy!"
Maggie hits you with a +2 glaive of flaming.
Maggie burns you.
* * * LOW HITPOINT WARNING * * *
You closely miss Maggie.
Maggie is almost dead.
Maggie points at you and mumbles some strange words.
The bolt of fire hits you!
* * * LOW HITPOINT WARNING * * *
You closely miss Maggie.
Maggie is almost dead.
Maggie hits you with a +2 glaive of flaming!
* * * LOW HITPOINT WARNING * * *
Maggie burns you.
You die...

#.# #####.# #. #.# #.. #.. [. ###
#.# #.. ...# ## ..# #.# #.# ####
# #.# ##### #.# # #.# ##...## #.#
# #.###.....## #.# # #.##.......#
#@# # ..##.#._.#.## #@# ###
###..##.##..# #.# ###########..
##...###...# #.####............
#.........## #.#.......######.#
##.)......## #(#.......# #.#
........###### #.#.......#### #.#
.............# #............# #.#
.......#####.###.#.......##.###.#
##...### #.##.##..............#


You could see Maggie (mesmerising).

Vanquished Creatures
  Pikel (D:5)
  Edmund (D:5)
  Duvessa (D:5)
  A water moccasin (D:6)
  A sky beast (D:2)
  An ogre (D:4)
  A lemure (D:5)
  2 bullfrogs (D:6)
  Dowan (D:5)
  A scorpion (D:6)
  A howler monkey (D:4)
  A bullfrog zombie (D:5)
  A hound (D:4)
  A jelly (D:5)
  2 orc priests (D:3)
  2 bullfrog skeletons
  An orc wizard (D:6)
  7 worker ants
  4 gnolls (D:6)
  7 adders
  A howler monkey skeleton (D:5)
  An ufetubus (D:5)
  2 oozes
  An adder skeleton (D:4)
  5 worms
  2 dart slugs
  6 leopard geckos
  18 orcs
  A ball python (D:1)
  8 bats
  2 giant cockroaches
  5 goblins
  14 hobgoblins
  4 jackals
  A ball python skeleton (D:4)
  3 frilled lizards
  A jackal zombie (D:6)
  7 kobolds
  4 rats
124 creatures vanquished.

Vanquished Creatures (others)
  21 plants (D:2)
21 creatures vanquished.

Grand Total: 145 creatures vanquished

Notes
Turn   | Place    | Note
-------+----------+-------------------------------------------
     0 | D:1      | Eitelfritz the Hill Orc Fighter began the quest for the
                  | Orb.
     0 | D:1      | Reached XP level 1. HP: 19/19 MP: 1/1
   197 | D:1      | Reached XP level 2. HP: 27/27 MP: 2/2
   476 | D:1      | Reached XP level 3. HP: 33/33 MP: 3/3
   992 | D:2      | Noticed a sky beast
  1005 | D:2      | Killed a sky beast
  1006 | D:2      | Reached skill level 4 in Armour
  1006 | D:2      | Reached skill level 1 in Dodging
  1006 | D:2      | Reached XP level 4. HP: 18/40 MP: 4/4
  1006 | D:2      | Reached XP level 5. HP: 20/46 MP: 5/5
  1567 | D:2      | Found a blossoming altar of Fedhas.
  1696 | D:2      | Found a faded altar of an unknown god.
  2050 | D:3      | Found a shimmering blue altar of Sif Muna.
  2050 | D:3      | Found a white marble altar of Elyvilon.
  2051 | D:3      | Found a hide-covered altar of Uskayaw.
  2407 | D:3      | Reached XP level 6. HP: 28/53 MP: 6/6
  3625 | D:4      | Found a stormy altar of Qazlal.
  3701 | D:4      | Reached skill level 5 in Armour
  3701 | D:4      | Reached XP level 7. HP: 56/60 MP: 7/7
  3910 | D:4      | Found a radiant altar of Vehumet.
  4073 | D:5      | Entered Level 5 of the Dungeon
  4073 | D:5      | Noticed Duvessa
  4075 | D:5      | Noticed Dowan
  4167 | D:4      | Reached skill level 5 in Shields
  4554 | D:5      | Reached skill level 5 in Fighting
  4590 | D:5      | Noticed Edmund
  4592 | D:5      | Killed Dowan
  4603 | D:5      | Killed Duvessa
  4604 | D:5      | Reached skill level 5 in Long Blades
  4621 | D:5      | Killed Edmund
  4622 | D:5      | Reached XP level 8. HP: 19/68 MP: 8/8
  4856 | D:5      | Found an opulent altar of Gozag.
  4868 | D:5      | Reached skill level 6 in Armour
  5150 | D:5      | Found Ivoloaf's Antique Weapon Shoppe.
  5361 | D:6      | Noticed Pikel
  5492 | D:5      | Killed Pikel
  5493 | D:5      | Reached skill level 1 in Evocations
  5755 | D:6      | Found a broken altar of Ashenzari.
  5896 | D:6      | Reached XP level 9. HP: 62/75 MP: 9/9
  5911 | D:6      | Found a shadowy altar of Dithmenos.
  6134 | D:6      | Reached skill level 7 in Armour
  6213 | D:6      | Noticed Maggie
  6238 | D:6      | HP: 1/75 [Maggie/+2 glaive of flaming (7)]
  6238 | D:6      | Slain by Maggie

Illustrated notes

Levels and vault maps discovered:
D:1:      psy_arrival_fountain, layout_basic, kennysheep_nondescript,
          nrook_loot_triangle, hangedman_feature_mirror, minmay_tromino_v2
D:2:      layout_rooms, fedhas_ov_isle_minmay, chequers_ecumenical_altar_island,
          palyth_stone_intersect, serial_bayou_lagoon_a
D:3:      layout_basic, chequers_temple_overflow_statue_of_worship
D:4:      layout_loops_ring, lemuel_coloured_pillars_altar, lemuel_round_altar,
          minmay_between
D:5:      layout_basic, old_standard_altar, serial_shops, shop, uniq_edmund,
          uniq_duvessa
D:6:      layout_loops_ring, nicolae_dithmenos_through_a_glass_darkly,
          basic_altar, uniq_pikel, uniq_maggie, uniq_menkaure, uniq_grinder

Skill      XL: |  1  2  3  4  5  6  7  8  9 |
---------------+----------------------------+-----
Fighting       | 4 5 |  5.9
Long Blades    | 3 4 5 6 |  6.6
Armour         | 4 5 6 7 |  7.0
Dodging        | 1 2 3 |  3.2
Shields        | 4 5 6 |  6.3
Evocations     | 2 |  2.8
Stealth        | |  0.2

Action                   |  1- 3 |  4- 6 |  7- 9 || total
-------------------------+-------+-------+-------++-------
Melee: Long sword        |   106 |   164 |   289 ||   559
  Use: Potion            |     1 |       |       ||     1
       Scroll            |       |    11 |     5 ||    16
Armor: Scale mail        |    42 |    59 |    96 ||   197
Dodge: Dodged            |    34 |    40 |   109 ||   183
Block: Kite shield       |    64 |    90 |   145 ||   299
       Rpst.: Long sword |     9 |    16 |    42 ||    67
